Hartford Whalers vs New York Rangers
Created - Thursday, February 6, 2025 at 09:40
Goals
|
| Hartford Whalers |
0 |
2 |
0 |
2 |
| New York Rangers |
2 |
2 |
1 |
5 |
|
Shots
|
| Hartford Whalers |
12 |
12 |
9 |
33 |
| New York Rangers |
8 |
8 |
17 |
33 |
|
1st period
1. New York Rangers , Mathew Barzal 3 (Cole Caufield 2, Joe Pavelski 2) at 9:49
2. New York Rangers , Artemi Panarin 1 (Cam Fowler 1, Nathan MacKinnon 1) at 10:40
Penalties :
Josh Anderson (HFD) for Hooking (Minor) at 1:13, Charlie McAvoy (HFD) for Tripping (Minor) at 3:21, Charlie McAvoy (HFD) for Holding (Minor) at 11:34, Mathew Barzal (NYR) for Holding (Minor) at 18:58
2nd period
3. Hartford Whalers , Samuel Girard 1 (Patrick Kane 5, Ryan O'Reilly 2) at 3:08
4. Hartford Whalers , Joshua Norris 1 (Samuel Girard 1, Pierre-Luc Dubois 2) at 5:34
5. New York Rangers , Cole Caufield 1 (Jake McCabe 2, Mathew Barzal 2) at 9:26
6. New York Rangers , Nikolaj Ehlers 1 (Adam Larsson 2) at 13:38
Penalties :
Dylan Strome (NYR) for Boarding (Minor) at 3:11, Jake Walman (NYR) for High sticking (Minor) at 11:26, Patrick Kane (HFD) for Roughing (Minor) at 14:24
3rd period
7. New York Rangers , Nathan MacKinnon 2 (Artemi Panarin 2, Mathew Barzal 3) at 13:37 (PP)
Penalties :
Jake McCabe (NYR) for Roughing (Minor) at 7:06, Nick Suzuki (HFD) for Cross-checking (Minor) at 13:19, Tom Wilson (HFD) for Roughing (Minor) at 15:37, Ryan McDonagh (HFD) for Slashing (Minor) at 19:24
Goalie Stats
Anton Forsberg (HFD), 28 saves from 33 shots - (0.848), L, 0-1-0, 60:00 minutes
Igor Shesterkin (NYR), 31 saves from 33 shots - (0.939), W, 2-3-0, 60:00 minutes
Players Stats for Hartford Whalers
Player Name G A P +/- PIM S H SB GA TA FO MP PP MP PK MP
------------------------------------------------------------------------------------
Anthony Cirelli 0 0 0 -3 0 0 2 0 0 0 0/1 20:51 3:21 4:57
Braden Schneider 0 0 0 0 0 1 1 0 0 1 0/0 18:02 5:08 1:30
Charlie McAvoy 0 0 0 -4 4 3 3 2 0 2 0/0 22:46 2:48 3:05
Jaden Schwartz 0 0 0 0 0 5 1 0 0 0 0/0 5:40 0:00 0:00
Josh Anderson 0 0 0 0 2 4 1 0 0 0 0/0 6:45 0:00 0:45
Joshua Norris 1 0 1 1 0 1 1 1 0 0 8/15 15:18 0:00 5:19
Kaiden Guhle 0 0 0 0 0 1 3 0 0 2 0/0 22:40 5:08 5:36
Matt Duchene 0 0 0 -3 0 1 1 1 1 0 1/2 15:49 3:21 0:00
Morgan Frost 0 0 0 0 0 1 1 0 0 0 1/3 5:40 0:00 0:00
Nick Suzuki 0 0 0 -3 2 4 0 2 1 1 6/23 16:04 3:21 0:16
Patrick Kane 0 1 1 0 2 1 2 1 2 0 0/0 17:22 4:35 0:00
Pierre-Luc Dubois 0 1 1 1 0 1 1 1 1 0 2/2 12:26 0:00 1:29
Rickard Rakell 0 0 0 0 0 1 0 0 1 0 1/2 16:57 4:35 0:00
Ryan McDonagh 0 0 0 -4 2 0 2 1 0 0 0/0 24:41 2:48 5:31
Ryan O'Reilly 0 1 1 0 0 3 1 0 0 1 10/26 21:38 4:35 4:31
Ryan Suter 0 0 0 2 0 2 1 0 0 1 0/0 13:25 0:00 0:00
Samuel Girard 1 1 2 2 0 1 2 2 0 0 0/0 18:42 0:00 5:54
Tom Wilson 0 0 0 1 2 3 1 0 0 0 1/1 14:19 0:00 4:19
Players Stats for New York Rangers
Player Name G A P +/- PIM S H SB GA TA FO MP PP MP PK MP
------------------------------------------------------------------------------------
Adam Larsson 0 1 1 1 0 0 3 2 0 0 0/0 14:47 0:07 0:54
Artemi Panarin 1 1 2 0 0 6 0 0 1 0 0/0 17:17 5:30 0:00
Brendan Smith 0 0 0 1 0 1 3 1 0 0 0/0 16:35 1:21 4:00
Cam Fowler 0 1 1 1 0 4 1 2 0 2 0/0 28:12 6:46 3:54
Cole Caufield 1 1 2 1 0 2 1 0 2 1 0/0 19:07 6:44 0:14
Conor Garland 0 0 0 0 0 0 0 0 0 0 0/0 7:43 0:00 0:00
David Kampf 0 0 0 0 0 1 3 1 0 0 5/14 12:04 0:09 3:43
Dylan Strome 0 0 0 0 2 4 0 0 0 0 8/15 19:21 4:59 0:00
Jake McCabe 0 1 1 1 2 0 0 1 1 0 0/0 17:04 0:00 0:00
Jake Walman 0 0 0 0 2 0 0 1 0 0 0/0 21:58 4:02 3:08
Joe Pavelski 0 1 1 1 0 1 2 0 0 1 15/21 15:53 4:32 0:00
Marcus Foligno 0 0 0 0 0 1 1 0 1 1 0/0 11:52 0:00 3:43
Mathew Barzal 1 2 3 1 2 2 4 0 0 0 0/1 17:27 5:57 0:00
Matthew Benning 0 0 0 1 0 3 0 0 1 0 0/0 14:01 0:00 4:02
Mikael Granlund 0 0 0 1 0 0 0 0 0 0 11/16 18:42 4:31 4:05
Nathan MacKinnon 1 1 2 0 0 6 2 1 1 0 5/7 17:20 5:40 0:00
Nikolaj Ehlers 1 0 1 1 0 2 0 0 0 1 1/1 13:19 1:04 2:03
Teuvo Teravainen 0 0 0 0 0 0 0 0 1 0 0/0 9:18 2:38 1:58
3 Stars
1 - Mathew Barzal (NYR)
2 - Cole Caufield (NYR)
3 - Nathan MacKinnon (NYR)
Power Play
Hartford Whalers - 0 on 4 Attempt(s) - 0.00%
New York Rangers - 1 on 7 Attempt(s) - 14.29%
Penalty Kill
Hartford Whalers - 6 on 7 Attempt(s) - 85.71%
- Score 0 goal in Penalty Kill
New York Rangers - 4 on 4 Attempt(s) - 100.00%
- Score 0 goal in Penalty Kill
Team Stat
Hartford Whalers - Hits : 24 - Faceoff Wins : 30 - Blocked Shots : 11 - Penalty Minutes : 14
New York Rangers - Hits : 20 - Faceoff Wins : 45 - Blocked Shots : 9 - Penalty Minutes : 8
Official
Referees : Kevin Pollock and Kendrick Nicholson
Linesman : James Tobias and Mark Shewchyk
Game Notes
Teuvo Teravainen is injured at 9:10 of 2nd period (Bruised Left Leg)
Finance
Level 1 -- Attendance: 4723 (78.72%) -- Ticket Income $481,746
Level 2 -- Attendance: 3400 (68.00%) -- Ticket Income $214,200
Level 3 -- Attendance: 2040 (68.00%) -- Ticket Income $83,640
Level 4 -- Attendance: 3400 (68.00%) -- Ticket Income $95,200
Luxury Box -- Attendance: 718 (71.80%) -- Ticket Income $140,010
Game was played at the Madison Square Garden.
Total Attendance: 14281 (71.41%)
Total Ticket Income: $1,014,796
Other Income: $355,179
Total Income: $1,369,975
Hartford Whalers
5 vs 5 Forward
Center Left Wing Right Wing Time % Phy DF OF
1 Nick Suzuki Anthony Cirelli Matt Duchene 30 1 2 2
2 Ryan O'Reilly Rickard Rakell Patrick Kane 30 1 2 2
3 Joshua Norris Pierre-Luc Dubois Tom Wilson 25 1 2 2
4 Morgan Frost Jaden Schwartz Josh Anderson 15 1 2 2
5 vs 5 Defense
Defense Defense Time % Phy DF OF
1 Charlie McAvoy Ryan McDonagh 30 1 2 2
2 Samuel Girard Ryan Suter 30 1 2 2
3 Kaiden Guhle Braden Schneider 25 1 2 2
4 Charlie McAvoy Ryan McDonagh 15 1 2 2
PowerPlay Forward
Center Left Wing Right Wing Time % Phy DF OF
1 Nick Suzuki Anthony Cirelli Matt Duchene 50 1 1 3
2 Ryan O'Reilly Rickard Rakell Patrick Kane 50 1 1 3
PowerPlay Defense
Defense Defense Time % Phy DF OF
1 Charlie McAvoy Ryan McDonagh 50 1 1 3
2 Braden Schneider Kaiden Guhle 50 1 1 3
Penalty Kill 4 Players Forward
Center Wing Time % Phy DF OF
1 Ryan O'Reilly Anthony Cirelli 50 1 3 1
2 Joshua Norris Tom Wilson 50 1 3 1
Penalty Kill 4 Players Defense
Defense Defense Time % Phy DF OF
1 Charlie McAvoy Ryan McDonagh 50 1 3 1
2 Samuel Girard Kaiden Guhle 50 1 3 1
Penalty Kill - 3 Players Forward
Forward Time % Phy DF OF
1 Joshua Norris 50 1 4 0
2 Ryan O'Reilly 50 1 4 0
Penalty Kill - 3 Players Defense
Defense Defense Time % Phy DF OF
1 Charlie McAvoy Ryan McDonagh 50 1 4 0
2 Kaiden Guhle Braden Schneider 50 1 4 0
4 vs 4 Forward
Center Wing Time % Phy DF OF
1 Nick Suzuki Matt Duchene 50 1 2 2
2 Ryan O'Reilly Patrick Kane 50 1 2 2
4 vs 4 Defense
Defense Defense Time % Phy DF OF
1 Charlie McAvoy Ryan McDonagh 50 1 2 2
2 Braden Schneider Kaiden Guhle 50 1 2 2
Last Minutes Offensive
Center Left Wing Right Wing Defense Defense
Nick Suzuki Rickard Rakell Matt Duchene Charlie McAvoy Samuel Girard
Last Minutes Defensive
Center Left Wing Right Wing Defense Defense
Ryan O'Reilly Anthony Cirelli Tom Wilson Charlie McAvoy Ryan McDonagh
Goaltenders
Starting : Anton Forsberg
Backup : Spencer Knight
Extra Forwards
Normal : Anthony Cirelli, Joshua Norris, Ryan O'Reilly - PP : Anthony Cirelli, Ryan O'Reilly - PK : Anthony Cirelli
Extra Defensemen
Normal : Ryan McDonagh, Charlie McAvoy, Braden Schneider - PP : Ryan McDonagh - PK : Ryan McDonagh, Charlie McAvoy
Penalty Shots
Nick Suzuki, Ryan O'Reilly, Matt Duchene, Anthony Cirelli, Patrick Kane
Scratches
Miles Wood (Healthy), Danila Klimovich (Healthy)
New York Rangers
5 vs 5 Forward
Center Left Wing Right Wing Time % Phy DF OF
1 Dylan Strome Artemi Panarin Nathan MacKinnon 30 0 1 4
2 Joe Pavelski Cole Caufield Mathew Barzal 30 1 1 3
3 Mikael Granlund Teuvo Teravainen Nikolaj Ehlers 25 1 2 2
4 David Kampf Conor Garland Marcus Foligno 15 1 3 1
5 vs 5 Defense
Defense Defense Time % Phy DF OF
1 Cam Fowler Jake McCabe 40 1 2 2
2 Adam Larsson Jake Walman 35 1 2 2
3 Brendan Smith Matthew Benning 25 1 2 2
4 Cam Fowler Jake McCabe 0 1 2 2
PowerPlay Forward
Center Left Wing Right Wing Time % Phy DF OF
1 Nathan MacKinnon Artemi Panarin Mathew Barzal 60 0 1 4
2 Dylan Strome Joe Pavelski Teuvo Teravainen 40 0 1 4
PowerPlay Defense
Defense Defense Time % Phy DF OF
1 Cam Fowler Cole Caufield 60 0 2 3
2 Mikael Granlund Jake Walman 40 0 2 3
Penalty Kill 4 Players Forward
Center Wing Time % Phy DF OF
1 David Kampf Marcus Foligno 50 1 3 1
2 Mikael Granlund Teuvo Teravainen 50 1 3 1
Penalty Kill 4 Players Defense
Defense Defense Time % Phy DF OF
1 Cam Fowler Brendan Smith 50 1 3 1
2 Matthew Benning Jake Walman 50 1 3 1
Penalty Kill - 3 Players Forward
Forward Time % Phy DF OF
1 David Kampf 50 1 4 0
2 Mikael Granlund 50 1 4 0
Penalty Kill - 3 Players Defense
Defense Defense Time % Phy DF OF
1 Cam Fowler Brendan Smith 50 1 4 0
2 Matthew Benning Jake Walman 50 1 4 0
4 vs 4 Forward
Center Wing Time % Phy DF OF
1 Nathan MacKinnon Artemi Panarin 50 1 2 2
2 Dylan Strome Cole Caufield 50 1 2 2
4 vs 4 Defense
Defense Defense Time % Phy DF OF
1 Cam Fowler Jake McCabe 50 1 2 2
2 Adam Larsson Jake Walman 50 1 2 2
Last Minutes Offensive
Center Left Wing Right Wing Defense Defense
Nathan MacKinnon Artemi Panarin Mathew Barzal Cam Fowler Jake Walman
Last Minutes Defensive
Center Left Wing Right Wing Defense Defense
David Kampf Mikael Granlund Marcus Foligno Matthew Benning Brendan Smith
Goaltenders
Starting : Igor Shesterkin
Backup : Kevin Lankinen
Extra Forwards
Normal : Dylan Strome, Teuvo Teravainen, Nikolaj Ehlers - PP : Dylan Strome, Teuvo Teravainen - PK : Nikolaj Ehlers
Extra Defensemen
Normal : Brendan Smith, Matthew Benning, Adam Larsson - PP : Brendan Smith - PK : Matthew Benning, Adam Larsson
Penalty Shots
Artemi Panarin, Dylan Strome, Cole Caufield, Conor Garland, Nathan MacKinnon
Scratches
None
% Time on Ice - Hartford Whalers
Lines # - Real PCT - Wanted PCT - Time Play
Normal Forward
1 - 31% - 30% - 12:54
2 - 31% - 30% - 12:44
3 - 24% - 25% - 9:58
4 - 14% - 15% - 5:40
Normal Defense
1 - 31% - 30% - 12:52
2 - 34% - 30% - 13:51
3 - 26% - 25% - 10:44
4 - 9% - 15% - 3:49
PP Forward
1 - 42% - 50% - 3:21
2 - 58% - 50% - 4:35
PP Defense
1 - 35% - 50% - 2:48
2 - 65% - 50% - 5:08
PK Forward
1 - 44% - 50% - 4:45
2 - 56% - 50% - 6:03
PK Defense
1 - 53% - 50% - 5:43
2 - 47% - 50% - 5:05
PK3 Forward
1 - 0% - 50%
2 - 0% - 50%
PK3 Defense
1 - 0% - 50%
2 - 0% - 50%
44 Forward
1 - 0% - 50%
2 - 0% - 50%
44 Defense
1 - 0% - 50%
2 - 0% - 50%
Last Minute Offensive - 0:00
Last Minute Defensive - 0:00
Total
Forward - 60:00
Defense - 60:00
|
% Time on Ice - New York Rangers
Lines # - Real PCT - Wanted PCT - Time Play
Normal Forward
1 - 29% - 30% - 12:04
2 - 29% - 30% - 11:53
3 - 23% - 25% - 9:36
4 - 19% - 15% - 7:43
Normal Defense
1 - 42% - 40% - 17:32
2 - 36% - 35% - 14:49
3 - 22% - 25% - 8:55
4 - 0% - 0% - 0:00
PP Forward
1 - 52% - 60% - 5:40
2 - 48% - 40% - 5:08
PP Defense
1 - 63% - 60% - 6:46
2 - 37% - 40% - 4:02
PK Forward
1 - 49% - 50% - 3:51
2 - 51% - 50% - 4:05
PK Defense
1 - 49% - 50% - 3:54
2 - 51% - 50% - 4:02
PK3 Forward
1 - 0% - 50%
2 - 0% - 50%
PK3 Defense
1 - 0% - 50%
2 - 0% - 50%
44 Forward
1 - 0% - 50%
2 - 0% - 50%
44 Defense
1 - 0% - 50%
2 - 0% - 50%
Last Minute Offensive - 0:00
Last Minute Defensive - 0:00
Total
Forward - 60:00
Defense - 60:00
|
Play-by-Play
1st period
0:01 of 1st period - Nick Suzuki wins face-off versus Dylan Strome in neutral zone.
0:08 of 1st period - Wrist shot by Nick Suzuki.
0:08 of 1st period - Stopped by Igor Shesterkin without a rebound.
0:09 of 1st period - Dylan Strome wins face-off versus Nick Suzuki in New York Rangers zone.
0:14 of 1st period - Snap shot by Nick Suzuki.
0:14 of 1st period - Stopped by Igor Shesterkin without a rebound.
0:15 of 1st period - Joe Pavelski wins face-off versus Ryan O'Reilly in New York Rangers zone.
0:19 of 1st period - Off-side.
0:20 of 1st period - Ryan O'Reilly wins face-off versus Joe Pavelski in neutral zone.
0:29 of 1st period - Slapshot by Patrick Kane.
0:29 of 1st period - Shot Misses the Net.
0:31 of 1st period - Wrist shot by Samuel Girard.
0:31 of 1st period - Shot Misses the Net.
0:44 of 1st period - Icing by Ryan O'Reilly.
0:45 of 1st period - Joshua Norris wins face-off versus Mikael Granlund in Hartford Whalers zone.
0:55 of 1st period - Icing by Brendan Smith.
0:56 of 1st period - Mikael Granlund wins face-off versus Morgan Frost in New York Rangers zone.
1:13 of 1st period - Minor Penalty to Josh Anderson for Hooking.
1:14 of 1st period - Ryan O'Reilly wins face-off versus Nathan MacKinnon in Hartford Whalers zone.
1:14 of 1st period - Ryan O'Reilly is hit by Nathan MacKinnon.
2:53 of 1st period - Mathew Barzal is hit by Kaiden Guhle and loses puck.
3:13 of 1st period - Penalty to Josh Anderson is over, Josh Anderson is back on ice.
3:21 of 1st period - Minor Penalty to Charlie McAvoy for Tripping.
3:22 of 1st period - Nathan MacKinnon wins face-off versus Ryan O'Reilly in Hartford Whalers zone.
5:21 of 1st period - Penalty to Charlie McAvoy is over, Charlie McAvoy is back on ice.
5:41 of 1st period - Brendan Smith is hit by Samuel Girard and loses puck.
6:02 of 1st period - David Kampf is hit by Josh Anderson and loses puck.
6:19 of 1st period - Jake Walman is hit by Joshua Norris and loses puck.
6:46 of 1st period - Jake McCabe is hit by Charlie McAvoy and loses puck.
6:59 of 1st period - Brendan Smith is hit by Morgan Frost and loses puck.
8:16 of 1st period - Cole Caufield is hit by Braden Schneider and loses puck.
9:01 of 1st period - Wrist shot by Jaden Schwartz.
9:01 of 1st period - Stopped by Igor Shesterkin without a rebound.
9:02 of 1st period - Mikael Granlund wins face-off versus Nick Suzuki in New York Rangers zone.
9:11 of 1st period - Snap shot by Nikolaj Ehlers.
9:11 of 1st period - Shot Misses the Net.
9:27 of 1st period - Nathan MacKinnon is hit by Tom Wilson and loses puck.
9:35 of 1st period - Off-side.
9:36 of 1st period - Joe Pavelski wins face-off versus Rickard Rakell in neutral zone.
9:49 of 1st period - Snap shot by Mathew Barzal.
9:49 of 1st period - Goal by Mathew Barzal - Hartford Whalers : 0 - New York Rangers : 1.
9:50 of 1st period - Dylan Strome wins face-off versus Nick Suzuki in neutral zone.
9:55 of 1st period - Snap shot by Nathan MacKinnon.
9:55 of 1st period - Shot Blocked by Nick Suzuki.
9:57 of 1st period - Backhand shot by Dylan Strome.
9:57 of 1st period - Stopped by Anton Forsberg with a rebound.
10:13 of 1st period - Cam Fowler is hit by Charlie McAvoy and loses puck.
10:36 of 1st period - Slapshot by Artemi Panarin.
10:36 of 1st period - Shot Misses the Net.
10:38 of 1st period - Snap shot by Cam Fowler.
10:38 of 1st period - Stopped by Anton Forsberg with a rebound.
10:40 of 1st period - Wrist shot by Artemi Panarin.
10:40 of 1st period - Goal by Artemi Panarin - Hartford Whalers : 0 - New York Rangers : 2.
10:41 of 1st period - Joe Pavelski wins face-off versus Joshua Norris in neutral zone.
10:46 of 1st period - Wrist shot by Cole Caufield.
10:46 of 1st period - Stopped by Anton Forsberg with a rebound.
10:48 of 1st period - Slapshot by Jake Walman.
10:48 of 1st period - Shot Hit the Post.
11:34 of 1st period - Minor Penalty to Charlie McAvoy for Holding.
11:35 of 1st period - Nathan MacKinnon wins face-off versus Ryan O'Reilly in Hartford Whalers zone.
13:28 of 1st period - Josh Anderson is hit by Brendan Smith and loses puck.
13:34 of 1st period - Penalty to Charlie McAvoy is over, Charlie McAvoy is back on ice.
13:39 of 1st period - Braden Schneider is hit by Cole Caufield and loses puck.
13:48 of 1st period - Slapshot by Pierre-Luc Dubois.
13:48 of 1st period - Stopped by Igor Shesterkin with a rebound.
13:50 of 1st period - Slapshot by Charlie McAvoy.
13:50 of 1st period - Stopped by Igor Shesterkin with a rebound.
13:52 of 1st period - Slapshot by Kaiden Guhle.
13:52 of 1st period - Deflect By Josh Anderson.
13:52 of 1st period - Stopped by Igor Shesterkin without a rebound.
13:53 of 1st period - Ryan O'Reilly wins face-off versus David Kampf in New York Rangers zone.
14:03 of 1st period - Icing by Matthew Benning.
14:04 of 1st period - Joshua Norris wins face-off versus David Kampf in New York Rangers zone.
14:25 of 1st period - Snap shot by Conor Garland.
14:25 of 1st period - Shot Misses the Net.
14:27 of 1st period - Slapshot by Matthew Benning.
14:27 of 1st period - Deflect By Joshua Norris.
14:27 of 1st period - Stopped by Anton Forsberg without a rebound.
14:28 of 1st period - Joe Pavelski wins face-off versus Nick Suzuki in Hartford Whalers zone.
15:03 of 1st period - Wrist shot by Nathan MacKinnon.
15:03 of 1st period - Stopped by Anton Forsberg with a rebound.
15:05 of 1st period - Snap shot by Dylan Strome.
15:05 of 1st period - Stopped by Anton Forsberg with a rebound.
15:19 of 1st period - Snap shot by Tom Wilson.
15:19 of 1st period - Shot Misses the Net.
15:42 of 1st period - Slapshot by Morgan Frost.
15:42 of 1st period - Stopped by Igor Shesterkin without a rebound.
15:43 of 1st period - Joe Pavelski wins face-off versus Matt Duchene in New York Rangers zone.
16:03 of 1st period - Ryan McDonagh is hit by Joe Pavelski and loses puck.
16:26 of 1st period - Slapshot by Rickard Rakell.
16:26 of 1st period - Stopped by Igor Shesterkin without a rebound.
16:27 of 1st period - Joshua Norris wins face-off versus Mikael Granlund in New York Rangers zone.
16:30 of 1st period - Snap shot by Tom Wilson.
16:30 of 1st period - Stopped by Igor Shesterkin with a rebound.
16:56 of 1st period - Snap shot by Ryan O'Reilly.
16:56 of 1st period - Shot Misses the Net.
17:43 of 1st period - Wrist shot by Kaiden Guhle.
17:43 of 1st period - Stopped by Igor Shesterkin with a rebound.
17:49 of 1st period - Josh Anderson is hit by David Kampf and loses puck.
18:00 of 1st period - Teuvo Teravainen is hit by Kaiden Guhle and loses puck.
18:21 of 1st period - Ryan O'Reilly is hit by Mathew Barzal and loses puck.
18:53 of 1st period - Off-side.
18:54 of 1st period - Joshua Norris wins face-off versus Joe Pavelski in neutral zone.
18:58 of 1st period - Minor Penalty to Mathew Barzal for Holding.
18:59 of 1st period - Nick Suzuki wins face-off versus David Kampf in New York Rangers zone.
19:03 of 1st period - Snap shot by Nick Suzuki.
19:03 of 1st period - Stopped by Igor Shesterkin with a rebound.
19:05 of 1st period - Wrist shot by Matt Duchene.
19:05 of 1st period - Shot Blocked by David Kampf.
19:07 of 1st period - Slapshot by Ryan McDonagh.
19:07 of 1st period - Deflect By Anthony Cirelli.
19:07 of 1st period - Shot Misses the Net.
19:07 of 1st period - Puck is out of play.
19:08 of 1st period - David Kampf wins face-off versus Nick Suzuki in New York Rangers zone.
19:52 of 1st period - Slapshot by Matt Duchene.
19:52 of 1st period - Deflect By Cam Fowler.
19:52 of 1st period - Shot Blocked by Brendan Smith.
19:52 of 1st period - Puck is out of play.
19:53 of 1st period - Ryan O'Reilly wins face-off versus David Kampf in New York Rangers zone.
19:54 of 1st period - Wrist shot by Patrick Kane.
19:54 of 1st period - Deflect By Ryan O'Reilly.
19:54 of 1st period - Stopped by Igor Shesterkin without a rebound.
19:55 of 1st period - David Kampf wins face-off versus Ryan O'Reilly in New York Rangers zone.
Goals for this period are 0 for Hartford Whalers vs 2 for New York Rangers.
Shots for this period are 12 for Hartford Whalers vs 8 for New York Rangers.
2nd period
0:01 of 2nd period - Mikael Granlund wins face-off versus Ryan O'Reilly in neutral zone.
0:07 of 2nd period - Off-side.
0:08 of 2nd period - Mikael Granlund wins face-off versus Ryan O'Reilly in neutral zone.
0:17 of 2nd period - Off-side.
0:18 of 2nd period - David Kampf wins face-off versus Ryan O'Reilly in neutral zone.
0:45 of 2nd period - Mikael Granlund is hit by Anthony Cirelli and loses puck.
0:58 of 2nd period - Penalty to Mathew Barzal is over, Mathew Barzal is back on ice.
1:09 of 2nd period - Off-side.
1:10 of 2nd period - Dylan Strome wins face-off versus Joshua Norris in neutral zone.
1:26 of 2nd period - Slapshot by Artemi Panarin.
1:26 of 2nd period - Shot Blocked by Samuel Girard.
1:47 of 2nd period - Adam Larsson is hit by Ryan O'Reilly and loses puck.
2:00 of 2nd period - Charlie McAvoy is hit by Adam Larsson and loses puck.
2:27 of 2nd period - Snap shot by Josh Anderson.
2:27 of 2nd period - Stopped by Igor Shesterkin with a rebound.
2:29 of 2nd period - Slapshot by Braden Schneider.
2:29 of 2nd period - Shot Blocked by Jake Walman.
2:51 of 2nd period - Slapshot by Nathan MacKinnon.
2:51 of 2nd period - Stopped by Anton Forsberg with a rebound.
2:53 of 2nd period - Wrist shot by Artemi Panarin.
2:53 of 2nd period - Deflect By Nathan MacKinnon.
2:53 of 2nd period - Deflect By Pierre-Luc Dubois.
2:53 of 2nd period - Stopped by Anton Forsberg without a rebound.
2:54 of 2nd period - Ryan O'Reilly wins face-off versus Joe Pavelski in Hartford Whalers zone.
2:54 of 2nd period - Ryan O'Reilly is hit by Mathew Barzal.
3:06 of 2nd period - Snap shot by Patrick Kane.
3:06 of 2nd period - Shot Misses the Net.
3:08 of 2nd period - Slapshot by Samuel Girard.
3:08 of 2nd period - Goal by Samuel Girard - Hartford Whalers : 1 - New York Rangers : 2.
3:09 of 2nd period - Dylan Strome wins face-off versus Nick Suzuki in neutral zone.
3:11 of 2nd period - Minor Penalty to Dylan Strome for Boarding.
3:12 of 2nd period - Rickard Rakell wins face-off versus David Kampf in New York Rangers zone.
5:06 of 2nd period - Nick Suzuki is hit by Brendan Smith and loses puck.
5:11 of 2nd period - Penalty to Dylan Strome is over, Dylan Strome is back on ice.
5:11 of 2nd period - Wrist shot by Cole Caufield.
5:11 of 2nd period - Shot Misses the Net.
5:28 of 2nd period - Snap shot by Tom Wilson.
5:28 of 2nd period - Shot Blocked by Nathan MacKinnon.
5:30 of 2nd period - Wrist shot by Pierre-Luc Dubois.
5:30 of 2nd period - Shot Misses the Net.
5:32 of 2nd period - Slapshot by Samuel Girard.
5:32 of 2nd period - Shot Misses the Net.
5:34 of 2nd period - Snap shot by Joshua Norris.
5:34 of 2nd period - Goal by Joshua Norris - Hartford Whalers : 2 - New York Rangers : 2.
5:35 of 2nd period - Joe Pavelski wins face-off versus Ryan O'Reilly in neutral zone.
6:45 of 2nd period - Snap shot by Patrick Kane.
6:45 of 2nd period - Shot Misses the Net.
6:47 of 2nd period - Snap shot by Patrick Kane.
6:47 of 2nd period - Shot Hit the Post.
6:49 of 2nd period - Slapshot by Braden Schneider.
6:49 of 2nd period - Shot Blocked by Cam Fowler.
6:51 of 2nd period - Snap shot by Braden Schneider.
6:51 of 2nd period - Shot Blocked by Jake McCabe.
6:53 of 2nd period - Wrist shot by Patrick Kane.
6:53 of 2nd period - Shot Misses the Net.
7:03 of 2nd period - Marcus Foligno is hit by Matt Duchene and loses puck.
7:15 of 2nd period - Off-side.
7:16 of 2nd period - Joe Pavelski wins face-off versus Ryan O'Reilly in neutral zone.
7:31 of 2nd period - Ryan O'Reilly is hit by Mathew Barzal and loses puck.
7:42 of 2nd period - Nathan MacKinnon is hit by Anthony Cirelli and loses puck.
8:32 of 2nd period - Jaden Schwartz is hit by Adam Larsson and loses puck.
9:09 of 2nd period - Teuvo Teravainen is hit by Ryan McDonagh and loses puck.
9:10 of 2nd period - Teuvo Teravainen from New York Rangers is injured at 9:10 of 2nd period (Bruised Left Leg).
9:11 of 2nd period - Nick Suzuki wins face-off versus Joe Pavelski in New York Rangers zone.
9:14 of 2nd period - Snap shot by Nick Suzuki.
9:14 of 2nd period - Stopped by Igor Shesterkin with a rebound.
9:22 of 2nd period - Wrist shot by Mathew Barzal.
9:22 of 2nd period - Shot Misses the Net.
9:24 of 2nd period - Slapshot by Jake McCabe.
9:24 of 2nd period - Shot Blocked by Matt Duchene.
9:26 of 2nd period - Snap shot by Cole Caufield.
9:26 of 2nd period - Goal by Cole Caufield - Hartford Whalers : 2 - New York Rangers : 3.
9:27 of 2nd period - Joe Pavelski wins face-off versus Anthony Cirelli in neutral zone.
9:42 of 2nd period - Matt Duchene is hit by Mathew Barzal and loses puck.
10:42 of 2nd period - Slapshot by Josh Anderson.
10:42 of 2nd period - Stopped by Igor Shesterkin without a rebound.
10:43 of 2nd period - Nick Suzuki wins face-off versus Joe Pavelski in New York Rangers zone.
11:00 of 2nd period - Snap shot by Matt Duchene.
11:00 of 2nd period - Stopped by Igor Shesterkin with a rebound.
11:26 of 2nd period - Minor Penalty to Jake Walman for High sticking.
11:27 of 2nd period - Mikael Granlund wins face-off versus Ryan O'Reilly in New York Rangers zone.
11:53 of 2nd period - Matt Duchene is hit by David Kampf and loses puck.
11:59 of 2nd period - Off-side.
12:00 of 2nd period - Matt Duchene wins face-off versus David Kampf in neutral zone.
12:27 of 2nd period - Patrick Kane is hit by Marcus Foligno and loses puck.
12:33 of 2nd period - Icing by Braden Schneider.
12:34 of 2nd period - Ryan O'Reilly wins face-off versus David Kampf in Hartford Whalers zone.
12:48 of 2nd period - Kaiden Guhle is hit by David Kampf and loses puck.
13:17 of 2nd period - Slapshot by Ryan O'Reilly.
13:17 of 2nd period - Stopped by Igor Shesterkin with a rebound.
13:19 of 2nd period - Snap shot by Braden Schneider.
13:19 of 2nd period - Stopped by Igor Shesterkin without a rebound.
13:20 of 2nd period - Nikolaj Ehlers wins face-off versus Nick Suzuki in New York Rangers zone.
13:24 of 2nd period - Off-side.
13:25 of 2nd period - Mikael Granlund wins face-off versus Nick Suzuki in neutral zone.
13:26 of 2nd period - Penalty to Jake Walman is over, Jake Walman is back on ice.
13:38 of 2nd period - Snap shot by Nikolaj Ehlers.
13:38 of 2nd period - Goal by Nikolaj Ehlers - Hartford Whalers : 2 - New York Rangers : 4.
13:39 of 2nd period - Dylan Strome wins face-off versus Ryan O'Reilly in neutral zone.
13:41 of 2nd period - Off-side.
13:42 of 2nd period - Ryan O'Reilly wins face-off versus Dylan Strome in neutral zone.
13:53 of 2nd period - Wrist shot by Dylan Strome.
13:53 of 2nd period - Stopped by Anton Forsberg with a rebound.
14:24 of 2nd period - Minor Penalty to Patrick Kane for Roughing.
14:25 of 2nd period - Nathan MacKinnon wins face-off versus Joshua Norris in Hartford Whalers zone.
14:33 of 2nd period - Backhand shot by Nathan MacKinnon.
14:33 of 2nd period - Stopped by Anton Forsberg with a rebound.
14:35 of 2nd period - Snap shot by Artemi Panarin.
14:35 of 2nd period - Shot Blocked by Joshua Norris.
14:37 of 2nd period - Snap shot by Cole Caufield.
14:37 of 2nd period - Shot Blocked by Charlie McAvoy.
14:51 of 2nd period - Charlie McAvoy is hit by Joe Pavelski and loses puck.
16:04 of 2nd period - Ryan O'Reilly is hit by Brendan Smith and loses puck.
16:24 of 2nd period - Penalty to Patrick Kane is over, Patrick Kane is back on ice.
16:43 of 2nd period - Slapshot by Cole Caufield.
16:43 of 2nd period - Shot Misses the Net.
17:34 of 2nd period - Snap shot by Nick Suzuki.
17:34 of 2nd period - Shot Blocked by Adam Larsson.
17:58 of 2nd period - Icing by Kaiden Guhle.
17:59 of 2nd period - Pierre-Luc Dubois wins face-off versus Mikael Granlund in Hartford Whalers zone.
18:06 of 2nd period - Wrist shot by Jaden Schwartz.
18:06 of 2nd period - Stopped by Igor Shesterkin without a rebound.
18:07 of 2nd period - Morgan Frost wins face-off versus David Kampf in New York Rangers zone.
18:08 of 2nd period - Wrist shot by Jaden Schwartz.
18:08 of 2nd period - Stopped by Igor Shesterkin with a rebound.
18:10 of 2nd period - Snap shot by Josh Anderson.
18:10 of 2nd period - Stopped by Igor Shesterkin without a rebound.
18:11 of 2nd period - Pierre-Luc Dubois wins face-off versus David Kampf in New York Rangers zone.
18:37 of 2nd period - Cam Fowler is hit by Patrick Kane and loses puck.
18:47 of 2nd period - Snap shot by Ryan O'Reilly.
18:47 of 2nd period - Shot Misses the Net.
18:49 of 2nd period - Slapshot by Ryan Suter.
18:49 of 2nd period - Deflect By Marcus Foligno.
18:49 of 2nd period - Stopped by Igor Shesterkin with a rebound.
18:51 of 2nd period - Snap shot by Ryan Suter.
18:51 of 2nd period - Shot Blocked by Cam Fowler.
19:00 of 2nd period - Cam Fowler is hit by Ryan McDonagh and loses puck.
19:03 of 2nd period - Slapshot by Jake McCabe.
19:03 of 2nd period - Shot Misses the Net.
19:05 of 2nd period - Slapshot by Cam Fowler.
19:05 of 2nd period - Stopped by Anton Forsberg without a rebound.
19:06 of 2nd period - Joe Pavelski wins face-off versus Nick Suzuki in Hartford Whalers zone.
19:23 of 2nd period - Wrist shot by Joe Pavelski.
19:23 of 2nd period - Stopped by Anton Forsberg with a rebound.
19:25 of 2nd period - Slapshot by Jake Walman.
19:25 of 2nd period - Deflect By Cole Caufield.
19:25 of 2nd period - Shot Blocked by Ryan McDonagh.
19:25 of 2nd period - Puck is out of play.
19:26 of 2nd period - Dylan Strome wins face-off versus Joshua Norris in Hartford Whalers zone.
19:34 of 2nd period - Icing by Matthew Benning.
19:35 of 2nd period - Tom Wilson wins face-off versus Dylan Strome in New York Rangers zone.
Goals for this period are 2 for Hartford Whalers vs 2 for New York Rangers.
Shots for this period are 12 for Hartford Whalers vs 8 for New York Rangers.
3rd period
0:01 of 3rd period - Joe Pavelski wins face-off versus Ryan O'Reilly in neutral zone.
0:10 of 3rd period - Jake McCabe is hit by Patrick Kane and loses puck.
0:30 of 3rd period - Off-side.
0:31 of 3rd period - Mikael Granlund wins face-off versus Nick Suzuki in neutral zone.
0:42 of 3rd period - Slapshot by Nikolaj Ehlers.
0:42 of 3rd period - Shot Hit the Post.
0:56 of 3rd period - Dylan Strome is hit by Samuel Girard and loses puck.
1:07 of 3rd period - Slapshot by Charlie McAvoy.
1:07 of 3rd period - Stopped by Igor Shesterkin without a rebound.
1:08 of 3rd period - Ryan O'Reilly wins face-off versus Mathew Barzal in New York Rangers zone.
1:23 of 3rd period - Wrist shot by Ryan O'Reilly.
1:23 of 3rd period - Stopped by Igor Shesterkin without a rebound.
1:24 of 3rd period - Joshua Norris wins face-off versus Dylan Strome in New York Rangers zone.
1:31 of 3rd period - Snap shot by Nathan MacKinnon.
1:31 of 3rd period - Shot Misses the Net.
1:33 of 3rd period - Slapshot by Jake McCabe.
1:33 of 3rd period - Shot Misses the Net.
1:35 of 3rd period - Slapshot by Cam Fowler.
1:35 of 3rd period - Shot Blocked by Pierre-Luc Dubois.
1:37 of 3rd period - Slapshot by Cam Fowler.
1:37 of 3rd period - Stopped by Anton Forsberg with a rebound.
1:39 of 3rd period - Wrist shot by Dylan Strome.
1:39 of 3rd period - Stopped by Anton Forsberg with a rebound.
2:11 of 3rd period - Nick Suzuki is hit by Adam Larsson and loses puck.
2:30 of 3rd period - Marcus Foligno is hit by Jaden Schwartz and loses puck.
2:39 of 3rd period - Snap shot by Jaden Schwartz.
2:39 of 3rd period - Stopped by Igor Shesterkin with a rebound.
3:21 of 3rd period - Icing by Cam Fowler.
3:22 of 3rd period - Joe Pavelski wins face-off versus Ryan O'Reilly in New York Rangers zone.
3:33 of 3rd period - Snap shot by Mathew Barzal.
3:33 of 3rd period - Shot Misses the Net.
3:35 of 3rd period - Wrist shot by Cam Fowler.
3:35 of 3rd period - Stopped by Anton Forsberg without a rebound.
3:36 of 3rd period - Dylan Strome wins face-off versus Nick Suzuki in Hartford Whalers zone.
3:41 of 3rd period - Wrist shot by Nathan MacKinnon.
3:41 of 3rd period - Stopped by Anton Forsberg with a rebound.
3:43 of 3rd period - Snap shot by Artemi Panarin.
3:43 of 3rd period - Stopped by Anton Forsberg without a rebound.
3:44 of 3rd period - Nick Suzuki wins face-off versus Dylan Strome in Hartford Whalers zone.
4:03 of 3rd period - Slapshot by Artemi Panarin.
4:03 of 3rd period - Stopped by Anton Forsberg with a rebound.
4:05 of 3rd period - Slapshot by Brendan Smith.
4:05 of 3rd period - Deflect By Artemi Panarin.
4:05 of 3rd period - Shot Misses the Net.
4:05 of 3rd period - Puck is out of play.
4:06 of 3rd period - Joe Pavelski wins face-off versus Ryan O'Reilly in Hartford Whalers zone.
4:09 of 3rd period - Snap shot by Mathew Barzal.
4:09 of 3rd period - Stopped by Anton Forsberg with a rebound.
4:41 of 3rd period - Wrist shot by Pierre-Luc Dubois.
4:41 of 3rd period - Shot Blocked by Adam Larsson.
4:43 of 3rd period - Snap shot by Ryan Suter.
4:43 of 3rd period - Stopped by Igor Shesterkin with a rebound.
5:30 of 3rd period - Conor Garland is hit by Charlie McAvoy.
5:40 of 3rd period - Ryan O'Reilly is hit by Cam Fowler.
6:00 of 3rd period - Snap shot by Artemi Panarin.
6:00 of 3rd period - Stopped by Anton Forsberg with a rebound.
6:02 of 3rd period - Slapshot by Matthew Benning.
6:02 of 3rd period - Stopped by Anton Forsberg without a rebound.
6:03 of 3rd period - Joshua Norris wins face-off versus Dylan Strome in Hartford Whalers zone.
6:08 of 3rd period - Snap shot by Artemi Panarin.
6:08 of 3rd period - Stopped by Anton Forsberg with a rebound.
6:10 of 3rd period - Backhand shot by Artemi Panarin.
6:10 of 3rd period - Shot Blocked by Samuel Girard.
6:12 of 3rd period - Slapshot by Brendan Smith.
6:12 of 3rd period - Stopped by Anton Forsberg with a rebound.
6:14 of 3rd period - Wrist shot by Artemi Panarin.
6:14 of 3rd period - Stopped by Anton Forsberg without a rebound.
6:15 of 3rd period - Dylan Strome wins face-off versus Ryan O'Reilly in Hartford Whalers zone.
6:48 of 3rd period - Backhand shot by Charlie McAvoy.
6:48 of 3rd period - Stopped by Igor Shesterkin without a rebound.
6:49 of 3rd period - Joe Pavelski wins face-off versus Nick Suzuki in New York Rangers zone.
6:49 of 3rd period - Joe Pavelski is hit by Ryan Suter.
7:06 of 3rd period - Minor Penalty to Jake McCabe for Roughing.
7:07 of 3rd period - David Kampf wins face-off versus Nick Suzuki in New York Rangers zone.
7:41 of 3rd period - Off-side.
7:42 of 3rd period - Ryan O'Reilly wins face-off versus Mikael Granlund in neutral zone.
9:06 of 3rd period - Penalty to Jake McCabe is over, Jake McCabe is back on ice.
9:16 of 3rd period - Snap shot by Marcus Foligno.
9:16 of 3rd period - Stopped by Anton Forsberg with a rebound.
9:18 of 3rd period - Slapshot by Matthew Benning.
9:18 of 3rd period - Shot Misses the Net.
9:20 of 3rd period - Slapshot by Jake Walman.
9:20 of 3rd period - Deflect By David Kampf.
9:20 of 3rd period - Shot Blocked by Patrick Kane.
9:20 of 3rd period - Puck is out of play.
9:21 of 3rd period - Joshua Norris wins face-off versus Dylan Strome in Hartford Whalers zone.
9:21 of 3rd period - Joshua Norris is hit by Nathan MacKinnon.
9:35 of 3rd period - Backhand shot by Tom Wilson.
9:35 of 3rd period - Stopped by Igor Shesterkin without a rebound.
9:36 of 3rd period - Mikael Granlund wins face-off versus Nick Suzuki in New York Rangers zone.
9:45 of 3rd period - Snap shot by Mikael Granlund.
9:45 of 3rd period - Shot Misses the Net.
9:52 of 3rd period - Off-side.
9:53 of 3rd period - Joe Pavelski wins face-off versus Joshua Norris in neutral zone.
10:47 of 3rd period - Slapshot by Jaden Schwartz.
10:47 of 3rd period - Stopped by Igor Shesterkin with a rebound.
11:08 of 3rd period - David Kampf is hit by Pierre-Luc Dubois and loses puck.
12:53 of 3rd period - Wrist shot by Patrick Kane.
12:53 of 3rd period - Stopped by Igor Shesterkin without a rebound.
12:54 of 3rd period - Joshua Norris wins face-off versus Mikael Granlund in New York Rangers zone.
12:57 of 3rd period - Wrist shot by Tom Wilson.
12:57 of 3rd period - Stopped by Igor Shesterkin without a rebound.
12:58 of 3rd period - Mikael Granlund wins face-off versus Joshua Norris in New York Rangers zone.
13:07 of 3rd period - Wrist shot by Nikolaj Ehlers.
13:07 of 3rd period - Shot Misses the Net.
13:09 of 3rd period - Slapshot by Nikolaj Ehlers.
13:09 of 3rd period - Stopped by Anton Forsberg with a rebound.
13:11 of 3rd period - Slapshot by Nikolaj Ehlers.
13:11 of 3rd period - Deflect By Mikael Granlund.
13:11 of 3rd period - Shot Misses the Net.
13:11 of 3rd period - Puck is out of play.
13:12 of 3rd period - Joe Pavelski wins face-off versus Nick Suzuki in Hartford Whalers zone.
13:17 of 3rd period - Wrist shot by Cole Caufield.
13:17 of 3rd period - Shot Hit the Post.
13:19 of 3rd period - Minor Penalty to Nick Suzuki for Cross-checking.
13:20 of 3rd period - Nathan MacKinnon wins face-off versus Ryan O'Reilly in Hartford Whalers zone.
13:35 of 3rd period - Wrist shot by Artemi Panarin.
13:35 of 3rd period - Shot Misses the Net.
13:37 of 3rd period - Snap shot by Nathan MacKinnon.
13:37 of 3rd period - Goal by Nathan MacKinnon - Hartford Whalers : 2 - New York Rangers : 5.
13:38 of 3rd period - Nick Suzuki wins face-off versus Joe Pavelski in neutral zone.
14:12 of 3rd period - Backhand shot by Joshua Norris.
14:12 of 3rd period - Shot Misses the Net.
15:37 of 3rd period - Minor Penalty to Tom Wilson for Roughing.
15:38 of 3rd period - Nathan MacKinnon wins face-off versus Joshua Norris in Hartford Whalers zone.
17:37 of 3rd period - Penalty to Tom Wilson is over, Tom Wilson is back on ice.
17:46 of 3rd period - David Kampf is hit by Kaiden Guhle and loses puck.
17:52 of 3rd period - Icing by David Kampf.
17:53 of 3rd period - David Kampf wins face-off versus Morgan Frost in New York Rangers zone.
18:02 of 3rd period - Snap shot by David Kampf.
18:02 of 3rd period - Stopped by Anton Forsberg with a rebound.
18:04 of 3rd period - Slapshot by Brendan Smith.
18:04 of 3rd period - Deflect By Conor Garland.
18:04 of 3rd period - Shot Hit the Post.
18:04 of 3rd period - Puck is out of play.
18:05 of 3rd period - Mikael Granlund wins face-off versus Nick Suzuki in Hartford Whalers zone.
18:06 of 3rd period - Wrist shot by Nikolaj Ehlers.
18:06 of 3rd period - Shot Blocked by Nick Suzuki.
19:03 of 3rd period - Wrist shot by Marcus Foligno.
19:03 of 3rd period - Deflect By David Kampf.
19:03 of 3rd period - Shot Misses the Net.
19:03 of 3rd period - Puck is out of play.
19:04 of 3rd period - Mikael Granlund wins face-off versus Nick Suzuki in Hartford Whalers zone.
19:16 of 3rd period - Snap shot by Nikolaj Ehlers.
19:16 of 3rd period - Shot Blocked by Charlie McAvoy.
19:18 of 3rd period - Slapshot by Matthew Benning.
19:18 of 3rd period - Stopped by Anton Forsberg with a rebound.
19:24 of 3rd period - Minor Penalty to Ryan McDonagh for Slashing.
19:25 of 3rd period - Ryan O'Reilly wins face-off versus Nathan MacKinnon in Hartford Whalers zone.
Goals for this period are 0 for Hartford Whalers vs 1 for New York Rangers.
Shots for this period are 9 for Hartford Whalers vs 17 for New York Rangers.
Back to the Top